 Dungeon Crawl Stone Soup version 0.30.1-11-g7821555f0a (webtiles) character file.

Game seed: 12404783751793835437

162 bmack86 the Chopper (level 5, -10/45 HPs)
             Began as a Minotaur Fighter on Oct 31, 2023.
             Killed from afar by Ijyb (15 damage)
             ... with a bolt of acid
             ... on level 3 of the Dungeon.
             The game lasted 00:05:02 (1599 turns).

bmack86 the Chopper (Minotaur Fighter)              Turns: 1599, Time: 00:05:03

Health: -10/45     AC:  4    Str: 22    XL:     5   Next: 19%
Magic:  4/4        EV:  9    Int:  5    God:
Gold:   159        SH:  5    Dex: 10    Spells: 4/4 levels left

rFire   . . .        a - +0 war axe
rCold   . . .        c - +0 buckler
rNeg    . . .        b - +0 scale mail
rPois   .            (helmet restricted)
rElec   .            (no cloak)
rCorr   .            (no gloves)
SInv    .            f - +0 pair of boots
Will    .....        (no amulet) Stlth
                     (no ring)
HPRegen 0.27/turn    (no ring)
MPRegen 0.09/turn

%: no passive effects
@: corroded
A: horns 2, retaliatory headbutt
a: no special abilities


You were on level 3 of the Dungeon.
You visited 1 branch of the dungeon, and saw 3 of its levels.

You collected 159 gold pieces.

Inventory:

Hand Weapons
 a - a +0 war axe (weapon)
Missiles
 e - 5 javelins (quivered)
Armour
 b - a +0 scale mail (worn)
 c - a +0 buckler (worn)
 f - a +0 pair of boots (worn)
Scrolls
 g - 5 scrolls of identify {unknown}
 j - 2 scrolls of fog {unknown}
 k - a scroll of vulnerability {unknown}
 l - a scroll of poison {unknown}
 n - 2 scrolls of noise {unknown}
 o - 3 scrolls of enchant weapon {unknown}
 q - a scroll of blinking {unknown}
Potions
 d - a potion of might
 h - 3 potions of lignification {unknown}
 i - 2 potions of attraction {unknown}
 m - 2 potions of curing {unknown}
 p - a potion of resistance {unknown}
 r - a potion of brilliance {unknown}


   Skills:
 - Level 3.6 Fighting
 + Level 5.6 Axes
 - Level 3.6 Armour
 - Level 5.0 Shields


You had 4 spell levels left.
You didn't know any spells.
Your spell library was empty.

Dungeon Overview and Level Annotations

Branches:
Dungeon (3/15)

Altars:
Dithmenos
Wu Jian

Shops:
D:2 [

Annotations:
D:3 Ijyb


Innate Abilities, Weirdness & Mutations

You have a pair of horns on your head.
You reflexively headbutt those who attack you in melee.


Message History

Ijyb shouts!
Found a stone staircase leading up.
Ijyb hits you but does no damage.
You slash Ijyb! Your headbutt misses Ijyb.
Ijyb is moderately wounded.
Ijyb closely misses you.
You closely miss Ijyb.
Ijyb is moderately wounded.
Ijyb zaps a wand.
The bolt of acid hits you.
You barely miss Ijyb. You headbutt Ijyb.
Ijyb is moderately wounded.
Ijyb grins evilly.
Ijyb hits you but does no damage. x2
You hit Ijyb but do no damage. You headbutt Ijyb.
Ijyb is moderately wounded.
Ijyb hits you with a +0 club.
You barely miss Ijyb. Your headbutt misses Ijyb.
Ijyb is moderately wounded.
Ijyb zaps a wand.
The bolt of acid hits you!
You hit Ijyb. You headbutt Ijyb!
Ijyb is severely wounded.
Ijyb zaps a wand.
The bolt of acid hits you!
You barely miss Ijyb.
Ijyb is severely wounded.
Ijyb hits you but does no damage.
You hit Ijyb but do no damage. You headbutt Ijyb.
Ijyb is almost dead.
Ijyb closely misses you. Ijyb hits you with a +0 club.
You barely miss Ijyb. Your headbutt misses Ijyb.
Ijyb is almost dead.
You block Ijyb's attack.
You hit Ijyb. Your headbutt misses Ijyb.
Ijyb is almost dead.
Ijyb zaps a wand.
The bolt of acid hits you!
* * * LOW HITPOINT WARNING * * *
The acid corrodes you!
You closely miss Ijyb.
Ijyb is almost dead.
Ijyb zaps a wand.
The bolt of acid hits you!
You die...

#.......#+#...#
#..#...8# #8..#
#..##.### ###.# #..##.'+
+.# ...##.### ###.#
##.###..8# #8..# #.#
#...#+#.... ###.######.#
##........#
......g@...####.######.#
.......#........# #.#
.......#####...### #.#
.<.....###.......# #.#
.................####...
.......###..............
....... ###...######...
....... #..># #####


You could see Ijyb.

Vanquished Creatures
  Natasha (thrice) (D:2)
  3 adders
  A worm (D:3)
  2 dart slugs (D:3)
  2 endoplasms
  A giant cockroach (D:1)
  5 goblins
  6 hobgoblins
  4 quokkas
  3 ball pythons
  5 bats
  6 frilled lizards
  6 kobolds
  10 rats
57 creatures vanquished.

Notes
Turn   | Place    | Note
-------+----------+-------------------------------------------
     0 | D:1      | bmack86 the Minotaur Fighter began the quest for the Orb.
     0 | D:1      | Reached XP level 1. HP: 19/19 MP: 0/0
     5 | D:1      | Noticed an electric eel
   127 | D:1      | Reached XP level 2. HP: 26/26 MP: 1/1
   628 | D:2      | Reached XP level 3. HP: 6/28 MP: 2/2
   732 | D:2      | Noticed Natasha
   738 | D:2      | Killed Natasha
   739 | D:2      | Reached skill level 5 in Shields
   776 | D:2      | Noticed Natasha
   781 | D:2      | Killed Natasha
   782 | D:2      | Reached XP level 4. HP: 39/39 MP: 3/3
   877 | D:2      | Found a faded altar of an unknown god.
   915 | D:2      | Found Pav Equ's Antique Armour Shop.
   933 | D:2      | Found a shadowy altar of Dithmenos.
  1104 | D:2      | Noticed Natasha
  1117 | D:2      | Killed Natasha
  1118 | D:2      | Reached skill level 5 in Axes
  1261 | D:3      | Reached XP level 5. HP: 43/45 MP: 4/4
  1383 | D:3      | Found an ornate altar of the Wu Jian Council.
  1585 | D:3      | Noticed Ijyb
  1599 | D:3      | Killed from afar by Ijyb

Illustrated notes

Levels and vault maps discovered:
D:1:      arrival_aquarium_a, layout_basic
D:2:      layout_rooms, shapermc_ecumenical_altar_mp_vishouse, basic_altar,
          serial_shops, shop, grunt_ministairs_11,
          chequers_serial_rivers_micro_a, uniq_natasha
D:3:      layout_loops_ring, mainiacjoe_overflow_concentric_impassable,
          serial_shops, nicolae_shop_real_fake_doors, uniq_ijyb

Skill      XL: |  1  2  3  4 |
---------------+-------------+-----
Shields        | 4 5 |  5.0
Axes           | 3 4 5 |  5.6
Fighting       | |  3.6
Armour         | |  3.6

Action                     |  1- 3 |  4- 6 || total
---------------------------+-------+-------++-------
  Melee: War axe           |    50 |    66 ||   116
         Headbutt          |     7 |    12 ||    19
 Armour: Scale mail        |    30 |    40 ||    70
  Dodge: Dodged            |    26 |    42 ||    68
  Block: Buckler           |    17 |    26 ||    43
